 Dungeon Crawl Stone Soup version 0.29-a0-620-g13ace881f2 (webtiles) character file.

Game seed: 2582832815640246352

241060 Warped the Tortoise (level 19, -22/128 HPs)
             Began as a Gargoyle Gladiator on June 18, 2022.
             Was the Champion of Makhleb.
             Killed by a resonance strike
             ... invoked by Zenata
              (25 damage)
             ... on level 1 of the Vaults.
             The game lasted 01:09:41 (30597 turns).

Warped the Tortoise (Gargoyle Gladiator)           Turns: 30597, Time: 01:09:42

Health: -22/128    AC: 40    Str: 28    XL:     19   Next: 80%
Magic:  18/22      EV: 15    Int: 11    God:    Makhleb [******]
Gold:   2426       SH:  5    Dex: 17    Spells: 18/18 levels left

rFire   + + .      SeeInvis .   a - +11 quarterstaff "Jime" {venom, Str+4 Dex+6}
rCold   + . .      Faith    .   (shield currently unavailable)
rNeg    + . .      Spirit   .   L - +0 plate armour
rPois   ∞          Reflect  +   c - +1 hat
rElec   +          Harm     .   Z - scarf {rC+ rF+}
rCorr   .          Rampage  .   Q - +2 pair of gloves of Kolisch {Fly rF+ Slay+5}
Will    ++...                   k - +1 pair of boots
Stlth   ..........              o - amulet of reflection
HPRegen 0.31/turn               j - ring of willpower
MPRegen 0.18/turn               J - +4 ring of slaying

@: flying
A: sickness immunity, AC +14, big wings, negative energy resistance 1,
electricity resistance, torment resistance 1, petrification resistance, horns 1,
low MP 1, MP-powered wands
}: 1/15 runes: serpentine
a: Renounce Religion, Minor Destruction, Lesser Servant of Makhleb, Major
Destruction, Greater Servant of Makhleb


You were on level 1 of the Vaults.
You worshipped Makhleb.
Makhleb was exalted by your worship.
You visited 7 branches of the dungeon, and saw 33 of its levels.
You also visited: Bailey.

You collected 3848 gold pieces.
You spent 1422 gold pieces at shops.

Inventory:

Hand Weapons
 a - the +11 quarterstaff "Jime" (weapon) {venom, Str+4 Dex+6}
   (You found it on level 2 of the Dungeon)

   It poisons the flesh of those it strikes.
   Str:       It affects your strength (+4).
   Dex:       It affects your dexterity (+6).
 b - a +2 bardiche of flaming
 q - the +12 glaive of Prune {vorpal}
   (You found it in a bailey)

   It inflicts extra damage upon your enemies.
   It halves damage taken while paralysed, petrified or unconscious.
Missiles
 e - 30 javelins
 h - 952 stones
 C - 5 throwing nets (quivered)
 G - 32 poisoned darts
Armour
 c - a +1 hat (worn)
 d - a +1 cloak
 k - a +1 pair of boots (worn)
 r - the +3 robe "Zihu" {*Slow rF++}
   (You found it on level 2 of the Dungeon)

   rF:        It greatly protects you from fire.
   *Slow:     It may slow you when you take damage.
 L - a +0 plate armour (worn)
 N - a +0 kite shield
 Q - the +2 pair of gloves of Kolisch (worn) {Fly rF+ Slay+5}
   (You found it on level 12 of the Dungeon)

   Slay:      It affects your accuracy & damage with ranged weapons and melee
   (+5).
   rF:        It protects you from fire.
   Fly:       It grants you flight.
 S - the +1 chain mail of the Kangaroo {rC+}
   (You found it on level 12 of the Dungeon)

   rC:        It protects you from cold.
 Z - a scarf of resistance (worn)
Jewellery
 j - a ring of willpower (left hand)
 n - a ring of protection from fire
 o - an amulet of reflection (around neck)
 t - an amulet of regeneration
 y - the amulet of Jicoj {RegenMP rC++ Dex+3}
   (You found it on level 6 of the Lair of Beasts)

   [amulet of magic regeneration]

   It increases your rate of magic regeneration.
   Dex:       It affects your dexterity (+3).
   rC:        It greatly protects you from cold.
 B - a +6 ring of strength
 J - a +4 ring of slaying (right hand)
Wands
 i - a wand of polymorph (4)
 A - a wand of light (6)
 H - a wand of mindburst (25)
 I - a wand of iceblast (25)
 M - a wand of digging (8)
 R - a wand of flame (42)
 Y - a wand of paralysis (17)
Scrolls
 f - 2 scrolls of poison
 l - 7 scrolls of enchant weapon
 v - 3 scrolls of brand weapon
 w - 7 scrolls of teleportation
 E - 7 scrolls of magic mapping
 F - 2 scrolls of fog
 K - 3 scrolls of enchant armour
 T - 15 scrolls of identify
 U - 3 scrolls of blinking
Potions
 g - 3 potions of magic
 m - 4 potions of might
 p - 4 potions of brilliance
 s - a potion of berserk rage
 u - 15 potions of curing
 z - 6 potions of haste
 O - 3 potions of invisibility
 P - 5 potions of mutation
 V - 5 potions of resistance
Miscellaneous
 D - a phial of floods


   Skills:
 - Level 17.2 Fighting
 - Level 4.1(9.4) Polearms
 - Level 14.2(14.5) Staves
 - Level 6.7 Throwing
 - Level 18.4 Armour
 - Level 14.2 Dodging
 - Level 7.3 Stealth
 + Level 4.2 Shields
 - Level 8.0 Invocations
 - Level 8.0 Evocations


You had 18 spell levels left.
You didn't know any spells.
Your spell library contained the following spells:

 Spells                   Type           Power      Damage    Failure   Level
 Apportation              Tloc           0%         N/A       86%         1
 Beastly Appendage        Tmut           0%         N/A       86%         1
 Magic Dart               Conj           0%         1d3       86%         1
 Necrotize                Necr           0%         1d4       86%         1
 Summon Small Mammal      Summ           0%         N/A       86%         1
 Call Imp                 Summ           0%         N/A       95%         2
 Ensorcelled Hibernation  Hex/Ice        0%         N/A       95%         2
 Passwall                 Tmut/Erth      0%         N/A       95%         2
 Static Discharge         Conj/Air       0%         N/A       95%         2
 Wereblood                Tmut           0%         N/A       95%         2
 Call Canine Familiar     Summ           0%         N/A       99%         3
 Dazzling Flash           Conj/Hex       0%         N/A       99%         3
 Ignite Poison            Fire/Tmut/Pois 0%         N/A       99%         3
 Mephitic Cloud           Conj/Pois/Air  0%         N/A       99%         3
 Portal Projectile        Hex/Tloc       0%         N/A       99%         3
 Spider Form              Tmut/Pois      0%         N/A       99%         3
 Summon Guardian Golem    Hex/Summ       0%         N/A       99%         3
 Swiftness                Air            0%         N/A       99%         3
 Animate Dead             Necr           0%         N/A       100%        4
 Cause Fear               Hex            0%         N/A       100%        4
 Leda's Liquefaction      Hex/Erth       0%         N/A       100%        4
 Passage of Golubria      Tloc           0%         N/A       100%        4
 Agony                    Necr           0%         N/A       100%        5
 Borgnjor's Vile Clutch   Necr/Erth      0%         N/A       100%        5
 Freezing Cloud           Conj/Ice/Air   0%         6-21      100%        5
 Iskenderun's Battlesphe  Conj           0%         2d6       100%        5
 Lightning Bolt           Conj/Air       0%         1d11      100%        5
 Silence                  Hex/Air        0%         N/A       100%        5
 Iron Shot                Conj/Erth      0%         9d1       100%        6
 Dragon Form              Tmut           0%         N/A       100%        7
 Haunt                    Necr/Summ      0%         N/A       100%        7
 Spellforged Servitor     Conj/Summ      0%         N/A       100%        7
 Infestation              Necr           0%         N/A       100%        8
 Lehudib's Crystal Spear  Conj/Erth      0%         10d2      100%        8
 Maxwell's Capacitive Co  Air            0%         ∞         100%        8
 Dragon's Call            Summ           0%         N/A       100%        9
 Statue Form              Tmut/Erth      Unusable   N/A       N/A         6

Dungeon Overview and Level Annotations

Branches:
Dungeon (15/15)            Temple (1/1) D:7            Lair (6/6) D:11
  Swamp (4/4) Lair:2        Snake (4/4) Lair:3        Slime (0/5) Lair:6
    Orc (2/2) D:12            Elf (0/3) Orc:2        Vaults (1/5) D:14
 Depths (0/4) D:15         Bailey (visited)

Altars:
Ashenzari
Cheibriados
Dithmenos
Elyvilon
Fedhas
Gozag
Hepliaklqana
Kikubaaqudgha
Makhleb
Nemelex Xobeh
Okawaru
Qazlal
Ru
Sif Muna
Trog
Uskayaw
Vehumet
Wu Jian
Xom
Yredelemnul
Zin
The Shining One
Beogh

Shops:
D:10 =   D:12 !   Orc:2 =?[!   Snake:3 :   Snake:4 *

Portals:
Trove: D:10 (give 17 potions of curing)

Annotations:
Swamp:4 Mlioglotl
Snake:3 2 transporters
Vaults:1 Zenata


Innate Abilities, Weirdness & Mutations

You are immune to sickness and miasma.
Your stone body is resilient. (AC +14)
You are immune to poison.
Your large and strong wings let you fly.
You resist negative energy. (rN+)
You are resistant to electric shocks. (rElec)
You are resistant to unholy torment.
You are immune to petrification.
You have a pair of small horns on your head.
Your magical capacity is low. (-10% MP)
You expend magic power (3 MP) to strengthen your wands.


Message History

You feel much better.
The +0 antimagic halberd hits you from afar.
The +1 long sword of holy wrath hits you but does no damage.
The +0 war axe of flaming hits you but does no damage.
The +4 glaive of protection hits you from afar!
The +0 antimagic halberd hits you but does no damage.
The +1 long sword of holy wrath barely misses you.
The ironbound convoker misses you. Zenata barely misses you.
The +0 war axe of flaming hits you but does no damage.
The +4 glaive of protection closely misses you.
Unknown command.
You bludgeon the ironbound convoker!!
The ironbound convoker is poisoned.
The ironbound convoker is heavily wounded.
The +1 long sword of holy wrath hits you but does no damage.
You block the +0 antimagic halberd's attack.
The +0 war axe of flaming hits you but does no damage.
The +1 long sword of holy wrath hits you but does no damage.
The +0 antimagic halberd hits you but does no damage.
The +4 glaive of protection hits you from afar!!
* * * LOW HITPOINT WARNING * * *
Zenata barely misses you.
Unknown command.
Unknown command.
Unknown command.
You feel much better. The +0 war axe of flaming hits you!
* * * LOW HITPOINT WARNING * * *
You block the +1 long sword of holy wrath's attack.
The +0 antimagic halberd hits you from afar!
* * * LOW HITPOINT WARNING * * *
You feel your power leaking away.
The +4 glaive of protection hits you but does no damage.
You hear some strange, mumbled words.
The +0 war axe of flaming hits you.
* * * LOW HITPOINT WARNING * * *
The +1 long sword of holy wrath hits you!
* * * LOW HITPOINT WARNING * * *
The +0 antimagic halberd hits you but does no damage.
Zenata casts a spell at you.
A blast of power from the earth and the adjacent constructs strikes you!
You die...

############
#..........#
#..........#
#........T.#
#......§(((#
#......op(a#
#......((@.#
#########'####
#....#..#[...#
#.......))...#
#....#.[#†...#
#.>.##''##...#
##[##....##.##
#†..+....'...#
#...+....'...#


You could see Zenata (extremely poisoned), a deep troll, an ironbound convoker
(very poisoned, catching breath), 6 dancing weapons and an orc.

Vanquished Creatures
  Nikola (Snake:2)
  2 quicksilver dragons (Snake:4)
  4 nagarajas
  Roxanne (Snake:1)
  A fenstrider witch (Swamp:3)
  Louise (Snake:1)
  Aizul (Snake:1)
  2 ironbound preservers (Vaults:1)
  2 ghouls
  2 eleionomae
  2 ironbound thunderhulks (Vaults:1)
  3 bunyips
  The ghost of Omnamae the Cleaver, a journeyman MiBe of Trog (Lair:3)
  An ettin (D:15)
  Josephine (Snake:1)
  Fannar (D:12)
  8 vault guards (D:14)
  5 boulder beetles
  3 salamander tyrants (Snake:4)
  11 hydras
  3 ogre magi (Orc:2)
  8 centaur warriors
  A ghost crab (Swamp:2)
  14 two-headed ogres
  An ironbound frostheart (Vaults:1)
  13 anacondas
  9 alligators
  9 death yaks
  3 catoblepae
  7 naga warriors
  3 tengu warriors
  2 orc high priests
  7 naga sharpshooters
  7 shock serpents
  A sun demon (D:13)
  2 salamander mystics (Snake:4)
  9 deep trolls
  4 spriggan druids (Swamp:2)
  6 goliath frogs
  14 bog bodies
  17 sea snakes
  Pikel (D:7)
  6 naga ritualists
  5 swamp dragons
  An orc knight (D:15)
  3 orc sorcerers
  A lindwurm (Lair:6)
  4 necromancers (Orc:1)
  2 wizards
  2 deep elf pyromancers
  4 will-o-the-wisps
  13 mana vipers
  An oklob plant (Lair:6)
  20 ugly things
  6 salamanders
  4 manticores
  7 cyclopes
  22 elephants
  47 black mambas
  A torpor snail (Lair:4)
  11 cane toads
  6 guardian serpents
  An orange demon (D:13)
  13 naga magi
  A gargoyle (D:12)
  5 rime drakes
  7 komodo dragons
  A freezing wraith (D:15)
  An efreet (D:15)
  A tengu conjurer (D:15)
  2 polar bears
  2 red devils (D:13)
  An ice devil (D:13)
  4 trolls
  A bloated husk (Swamp:1)
  9 hornets
  7 tyrant leeches
  Grinder (D:5)
  An ettin zombie (Orc:1)
  23 blink frogs
  12 dream sheep
  5 slime creatures (D:14)
  12 spriggans
  A shadow (D:12)
  A centaur simulacrum (D:14)
  5 wyverns
  6 wraiths
  3 ettin skeletons (Orc:1)
  8 basilisks
  55 yaks
  A chaos spawn (D:13)
  2 neqoxecs (D:13)
  2 steam dragons (D:12)
  5 wargs
  15 vampire mosquitoes
  Menkaure (D:7)
  12 swamp worms
  An acid dragon (D:9)
  32 nagas
  32 water moccasins
  29 orc warriors
  3 sky beasts (D:12)
  5 swamp drakes
  3 ice beasts
  2 black bears
  3 boggarts (D:14)
  12 wolves
  25 ogres
  24 centaurs
  2 lemures (D:7)
  A phantom (D:12)
  13 bullfrogs
  3 kobold brigands
  A scorpion (D:6)
  4 gnoll sergeants
  6 necrophages
  A cyclops skeleton (Orc:1)
  6 wights
  9 killer bees
  2 howler monkeys
  11 electric eels
  3 hounds
  A jelly (D:7)
  19 orc priests
  A cyclops simulacrum (Orc:1)
  Crazy Yiuf (D:7)
  4 iguanas
  26 orc wizards
  2 hell rats (Lair:2)
  9 ogre zombies
  3 ogre skeletons (Orc:1)
  25 gnolls
  10 adders
  An ogre simulacrum (Orc:1)
  5 river rats (Lair:2)
  2 shadow imps
  2 ufetubi
  2 orc simulacra (Orc:1)
  3 worms
  A dart slug (D:2)
  83 orcs
  4 ball pythons
  10 endoplasms
  A giant cockroach (D:2)
  9 goblins
  6 hobgoblins
  5 jackals
  A quokka (D:4)
  2 bats (D:1)
  2 frilled lizards
  2 goblin skeletons (D:12)
  4 goblin zombies (D:12)
  A hobgoblin zombie (D:12)
  17 kobolds
  8 orc skeletons
  15 orc zombies
  4 rats
1111 creatures vanquished.

Vanquished Creatures (others)
  An ogre mage (Orc:2)
  A deep troll (D:15)
  3 bloated husks
  A hornet (Swamp:2)
  A spriggan (Swamp:2)
  A river rat (Lair:2)
  A bush (Lair:5)
  2 demonic plants (D:13)
  17 foxfires
  44 fungi
  110 plants
182 creatures vanquished.

Grand Total: 1293 creatures vanquished

Notes
Turn   | Place    | Note
-------+----------+-------------------------------------------
     0 | D:1      | Warped the Gargoyle Gladiator began the quest for the Orb.
     0 | D:1      | Reached XP level 1. HP: 12/12 MP: 1/1
   594 | D:1      | Reached XP level 2. HP: 16/17 MP: 2/2
  1482 | D:2      | Found a faded altar of an unknown god.
  1640 | D:2      | Reached XP level 3. HP: 21/21 MP: 3/3
  1645 | D:2      | Identified the +11 quarterstaff "Jime" {venom, Str+4 Dex+6}
  1742 | D:2      | Identified the +3 robe "Zihu" {*Slow rF++}
  2172 | D:3      | Reached skill level 1 in Armour
  2172 | D:3      | Reached XP level 4. HP: 26/26 MP: 4/4
  3052 | D:4      | Reached skill level 1 in Stealth
  3052 | D:4      | Reached XP level 5. HP: 31/31 MP: 5/5
  3346 | D:4      | Reached skill level 5 in Staves
  3355 | D:4      | Reached XP level 6. HP: 31/36 MP: 6/6
  3358 | D:4      | Reached skill level 2 in Armour
  3626 | D:4      | Reached XP level 7. HP: 40/40 MP: 7/7
  3959 | D:5      | Entered Level 5 of the Dungeon
  4454 | D:5      | Noticed Grinder
  4491 | D:5      | Killed Grinder
  4492 | D:5      | Reached XP level 8. HP: 41/45 MP: 8/8
  5443 | D:6      | Reached skill level 10 in Staves
  5528 | D:7      | Reached skill level 3 in Armour
  5528 | D:7      | Reached XP level 9. HP: 43/51 MP: 9/9
  5732 | D:7      | Reached skill level 4 in Armour
  5770 | D:7      | Found a staircase to the Ecumenical Temple.
  5771 | D:7      | Noticed Menkaure
  5779 | D:7      | Killed Menkaure
  5795 | Temple   | Entered the Ecumenical Temple
  5829 | Temple   | Became a worshipper of Makhleb the Destroyer
  5976 | D:7      | Noticed Pikel
  6062 | D:7      | Found a runed translucent door.
  6063 | D:7      | Noticed Crazy Yiuf
  6109 | D:7      | Identified a scroll of acquirement
  6109 | D:7      | Acquired 897 gold pieces
  6144 | D:7      | Killed Pikel
  6145 | D:7      | Reached skill level 5 in Fighting
  6145 | D:7      | Reached skill level 5 in Armour
  6145 | D:7      | Reached XP level 10. HP: 54/59 MP: 10/10
  6331 | D:7      | Killed Crazy Yiuf
  6454 | D:8      | Found a flagged portal.
  6478 | Bailey   | Entered a bailey
  6662 | Bailey   | Reached * piety under Makhleb
  6790 | Bailey   | Found the +12 glaive of Prune {vorpal}
  6844 | Bailey   | Reached skill level 5 in Dodging
  7729 | D:8      | Reached ** piety under Makhleb
  7730 | D:8      | Reached skill level 6 in Armour
  8003 | D:8      | Reached skill level 5 in Stealth
  8474 | D:9      | Reached XP level 11. HP: 61/66 MP: 11/11
  8560 | D:9      | Found a bloodstained altar of Trog.
  8573 | D:9      | Noticed a two-headed ogre
  8576 | D:9      | Killed a two-headed ogre
  8976 | D:10     | Entered Level 10 of the Dungeon
  8976 | D:10     | Found Waupt's Jewellery Boutique.
  9086 | D:10     | Reached *** piety under Makhleb
  9142 | D:10     | Found a portal to a secret trove of treasure.
  9166 | D:10     | Reached skill level 7 in Armour
  9687 | D:10     | You fall into a shaft and drop 2 floors!
  9692 | D:12     | Noticed a cyclops
  9710 | D:12     | Killed a cyclops
  9772 | D:12     | Identified the +2 pair of gloves of Kolisch {Fly rF+
                  | Slay+5}
  9814 | D:12     | Identified the +1 chain mail of the Kangaroo {rC+}
  9893 | D:12     | Noticed Fannar
  9903 | D:12     | Killed Fannar
  9912 | D:12     | Noticed a cyclops
  9947 | D:11     | Found a staircase to the Lair.
 10017 | D:11     | Noticed a red ugly thing
 10024 | D:11     | Killed a red ugly thing
 10025 | D:11     | Reached XP level 12. HP: 73/73 MP: 12/12
 10101 | D:11     | Reached **** piety under Makhleb
 11468 | Lair:1   | Entered Level 1 of the Lair of Beasts
 11534 | Lair:1   | Reached skill level 8 in Armour
 12130 | Lair:1   | Found the +8 whip "Snakebite" {venom, curare, rPois}
 12691 | Lair:2   | Noticed a boulder beetle
 12704 | Lair:2   | Killed a boulder beetle
 12705 | Lair:2   | Reached skill level 9 in Armour
 12783 | Lair:2   | Reached skill level 10 in Fighting
 12798 | Lair:2   | Reached XP level 13. HP: 80/82 MP: 13/13
 12804 | Lair:2   | Reached ***** piety under Makhleb
 13343 | Lair:2   | Found a staircase to the Swamp.
 13622 | Lair:3   | Found a staircase to the Snake Pit.
 13634 | Lair:3   | Reached skill level 10 in Armour
 13689 | Lair:3   | You are sucked into a shaft and drop 3 floors!
 13689 | Lair:6   | Entered Level 6 of the Lair of Beasts
 13917 | Lair:6   | Found an ornate altar of the Wu Jian Council.
 13927 | Lair:6   | Identified the amulet of Jicoj {RegenMP rC++ Dex+3}
 14243 | Lair:6   | Reached skill level 11 in Armour
 14251 | Lair:6   | Gained mutation: Your large and strong wings let you fly.
                  | [Gargoyle growth]
 14251 | Lair:6   | Reached XP level 14. HP: 94/94 MP: 14/14
 14280 | Lair:6   | Identified the +1 leather armour of Qimnosevi {Regen+}
 14498 | Lair:6   | Found a staircase to the Slime Pits.
 14815 | Lair:4   | Reached ****** piety under Makhleb
 15355 | Lair:3   | Found a runed translucent door.
 15355 | Lair:3   | Noticed Omnamae's ghost (journeyman MiBe)
 15358 | Lair:3   | Reached skill level 12 in Armour
 15407 | Lair:3   | Killed Omnamae's ghost
 15415 | Lair:3   | Identified the +9 long sword of Karma {vorpal, rPois rC+
                  | Int-4}
 15577 | Lair:3   | Reached skill level 1 in Invocations
 15645 | Lair:3   | Reached skill level 1 in Evocations
 16181 | Lair:4   | Identified the +2 dire flail "Arixkul" {freeze, *Noise
                  | rPois rF+ Will++}
 16299 | Lair:5   | Reached skill level 10 in Dodging
 16425 | Lair:5   | Reached skill level 15 in Fighting
 16451 | Lair:5   | Reached XP level 15. HP: 103/103 MP: 16/16
 17607 | D:12     | Found a staircase to the Orcish Mines.
 17792 | D:12     | Found Baotzaf's Distillery.
 17801 | D:12     | Bought a potion of might for 56 gold pieces
 17801 | D:12     | Bought a potion of experience for 700 gold pieces
 17801 | D:12     | Bought 2 potions of curing for 84 gold pieces
 17801 | D:12     | Bought 2 potions of curing for 84 gold pieces
 17801 | D:12     | Bought a potion of haste for 140 gold pieces
 17801 | D:12     | Bought a potion of heal wounds for 70 gold pieces
 17801 | D:12     | Reached skill level 13 in Armour
 17801 | D:12     | Reached XP level 16. HP: 108/108 MP: 18/18
 18035 | Orc:1    | Entered Level 1 of the Orcish Mines
 18178 | Orc:1    | Reached skill level 14 in Armour
 18736 | Orc:2    | Entered Level 2 of the Orcish Mines
 18751 | Orc:2    | Paralysed by an orc sorcerer for 5 turns
 19055 | Orc:2    | Found a staircase to the Elven Halls.
 19187 | Orc:2    | Found Foteef's Distillery.
 19188 | Orc:2    | Found Ykaonwecw's Magic Scroll Shop.
 19327 | Orc:2    | Found Kis Emos's Antique Armour Shop.
 19327 | Orc:2    | Found Seg Zoext's Jewellery Emporium.
 19458 | Orc:2    | Bought a potion of heal wounds for 80 gold pieces
 19458 | Orc:2    | Bought a potion of curing for 48 gold pieces
 19751 | Orc:2    | Reached skill level 5 in Invocations
 20015 | Orc:2    | Bought a potion of haste for 160 gold pieces
 20687 | D:13     | Gained mutation: You tend to lose your temper in combat. [a
                  | neqoxec]
 21396 | D:14     | Found a gate to the Vaults.
 21425 | D:14     | Reached skill level 5 in Throwing
 21448 | D:14     | Lost mutation: You tend to lose your temper in combat.
                  | [potion of mutation]
 21448 | D:14     | Gained mutation: You have a pair of small horns on your
                  | head. [potion of mutation]
 21448 | D:14     | Gained mutation: Your magical capacity is low. (-10% MP)
                  | [potion of mutation]
 21448 | D:14     | Gained mutation: You expend magic power (3 MP) to
                  | strengthen your wands. [potion of mutation]
 21480 | D:14     | Reached XP level 17. HP: 78/115 MP: 19/19
 21488 | D:14     | Reached skill level 5 in Evocations
 22171 | D:15     | Entered Level 15 of the Dungeon
 22506 | D:15     | Reached skill level 15 in Armour
 22637 | D:15     | Found a staircase to the Depths.
 23101 | Snake:1  | Entered Level 1 of the Snake Pit
 23438 | Snake:1  | Noticed Louise
 23458 | Snake:1  | Killed Louise
 23567 | Snake:1  | Identified Roxanne's Guide on Stones
 23567 | Snake:1  | Noticed Roxanne
 23605 | Snake:1  | Killed Roxanne
 23670 | Snake:1  | Noticed Josephine
 23675 | Snake:1  | Killed Josephine
 24035 | Snake:1  | Noticed Aizul
 24239 | Snake:1  | Killed Aizul
 24573 | Snake:2  | Reached XP level 18. HP: 122/122 MP: 21/21
 24616 | Snake:2  | Found a basalt altar of Yredelemnul.
 24870 | Snake:2  | Noticed Nikola
 24888 | Snake:2  | Killed Nikola
 24982 | Snake:1  | Reached skill level 16 in Armour
 25447 | Snake:3  | Found a transporter.
 25618 | Snake:3  | Found a transporter.
 25647 | Snake:3  | Found Othrerergh's Book Emporium.
 26172 | Snake:4  | Entered Level 4 of the Snake Pit
 26468 | Snake:4  | Found Eralorch's Assorted Antiques.
 26775 | Snake:4  | Noticed a quicksilver dragon
 26780 | Snake:4  | Noticed a quicksilver dragon
 26896 | Snake:4  | Killed a quicksilver dragon
 27044 | Snake:4  | Killed a quicksilver dragon
 27257 | Snake:4  | Reached skill level 17 in Armour
 27662 | Snake:4  | Got a serpentine rune of Zot
 27856 | Swamp:1  | Entered Level 1 of the Swamp
 28008 | Swamp:1  | Reached XP level 19. HP: 122/127 MP: 22/22
 28130 | Swamp:1  | Reached skill level 1 in Polearms
 29323 | Swamp:3  | Reached skill level 18 in Armour
 29485 | Swamp:3  | Identified the +10 mace "Wehathri" {protect, Fly rElec}
 29489 | Swamp:3  | Found a shimmering blue altar of Sif Muna.
 29688 | Swamp:4  | Entered Level 4 of the Swamp
 29772 | Swamp:4  | Noticed Mlioglotl
 30098 | Vaults:1 | Entered Level 1 of the Vaults
 30453 | Vaults:1 | Reached skill level 1 in Shields
 30582 | Vaults:1 | Noticed Zenata
 30597 | Vaults:1 | HP: 3/128 [+1 long sword of holy wrath[Zenata] (11)]
 30597 | Vaults:1 | Killed from afar by Zenata

Illustrated notes

Levels and vault maps discovered:
D:1:      dpeg_arrival_shelter, layout_loops_corners
D:2:      layout_basic, nicolae_ecumenical_lake_church
D:3:      layout_loops_ring
D:4:      layout_rooms, chequers_serial_rivers_small_b
D:5:      layout_basic, uniq_grinder
D:6:      layout_gridville, minivault_26, minmay_fountain_box,
          hellmonk_bongcloud_opening
D:7:      layout_cave_pools, minmay_temple_entry_arrows, uniq_pikel,
          uniq_menkaure, uniq_crazy_yiuf_cottage
D:8:      layout_loops_ring, enter_bailey_3
D:9:      layout_roguey, trog_ov_bears_minmay
D:10:     layout_basic, enter_trove_2, serial_shops, shop,
          minmay_misc_feat_more_columns, minmay_puff
D:11:     layout_layer_cave, dpeg_oklobed_lair
D:12:     layout_cave_pools, zombieorc2_lemuel, serial_shops,
          nicolae_lakefront_shop, hangedman_misty_isle, uniq_fannar
D:13:     layout_layer_cave, serial_demonic, serial_demonic_b, serial_demonic_b,
          serial_demonic_b, serial_demonic_f
D:14:     layout_irregular_city, erik_vaults_2, minmay_misc_feat_diagonals
D:15:     hangedman_depths_entry_civil_slaughter, layout_loops_ring,
          chequers_hall_statues_y
Temple:   grunt_wide_crystal_templ
Lair:1:   minmay_guarded_unrand_snakebite, layout_cave_pods, grunt_megastairs_2
Lair:2:   layout_long_grid, minmay_swamp_entry_eels, kennysheep_abandoned_house
Lair:3:   layout_chaotic_city, minmay_snake_entry_six_corridors,
          gammafunk_ghost_grave, fungi_pond_lemuel, amcnicky_mini_pool_medium,
          infiniplex_staircase_pool_2
Lair:4:   layout_loops_ring, lemuel_fruit_tree
Lair:5:   layout_loops_ring
Lair:6:   hangedman_lair_in_review, layout_hall_layers,
          minmay_slime_entry_oklob_open, basic_altar
Swamp:1:  layout_basic_swamp, evilmike_swamp_ruin_house_5, swamp_pool2
Swamp:2:  layout_basic_swamp, hangedman_swamp_diagram, hangedman_swamp_ravenous
Swamp:3:  layout_basic_swamp, lemuel_altar_in_water
Swamp:4:  swamp_old_school, layout_basic_swamp, uniq_mlioglotl
Snake:1:  layout_grid_maze, st_stairs_9, uniq_aizul, uniq_josephine,
          uniq_louise, uniq_roxanne
Snake:2:  layout_gridlike, basic_altar, serial_bayou_shore_a, uniq_nikola
Snake:3:  gammafunk_its_a_trap, layout_onion_interference, serial_shops, shop
Snake:4:  hellmonk_snake_rune_quicksilver_temple, layout_cave_town,
          serial_shops, nicolae_shop_trees, nicolae_snake_snake_lake,
          st_stairs_7, hangedman_snake_wide_pillar_pass, drop_trap,
          serial_bayou_lagoon_b
Orc:1:    dreamdust_under_siege, layout_diamond_mine, basic_altar
Orc:2:    st_orc_ogre_mass, layout_diamond_mine, nicolae_orc_crystal_geode
Vaults:1: mu_enter_wizlab_4, vaults_room_grid, vaults_room_fours, v_misc_1,
          vaults_room_hallway, nicolae_vaults_border_crossing,
          nicolae_vaults_gold_heap, layout_vaults_omnigrid, uniq_saint_roka,
          uniq_zenata

Skill      XL: |  1  2  3  4  5  6  7  8  9 10 11 12 13 14 15 16 17 18 19 |
---------------+----------------------------------------------------------+-----
Dodging        | 3 4 5 6 7 9 10 11 14 | 14.2
Armour         | 1 2 3 5 6 7 9 11 12 13 14 15 17 18 | 18.4
Staves         | 4 5 6 8 10 11 12 13 14 | 14.2
Stealth        | 1 3 5 7 |  7.3
Fighting       | 3 5 6 7 10 13 15 16 17 | 17.2
Invocations    | 2 3 5 7 8 |  8.0
Evocations     | 2 4 6 8 |  8.0
Throwing       | 2 5 6 |  6.7
Polearms       | 4 |  4.1
Shields        | 4 |  4.2

Action                   |  1- 3 |  4- 6 |  7- 9 | 10-12 | 13-15 | 16-18 | 19-21 || total
-------------------------+-------+-------+-------+-------+-------+-------+-------++-------
Melee: Quarterstaff      |    74 |    44 |   187 |   516 |   632 |  1389 |   384 ||  3226
       Bardiche          |       |       |       |    59 |     8 |    15 |    10 ||    92
       Glaive            |       |       |       |     3 |     8 |    11 |       ||    22
       Headbutt          |       |       |       |       |       |   290 |   126 ||   416
Throw: Throwing net      |       |     1 |       |       |       |     1 |     1 ||     3
Evoke: Wand              |       |       |       |    21 |       |     3 |       ||    24
       Phial of floods   |       |       |       |       |       |     1 |       ||     1
  Use: Potion            |       |       |     2 |     2 |     1 |     7 |     5 ||    17
       Scroll            |       |       |    15 |     7 |     7 |     6 |     4 ||    39
 Stab: Sleeping          |     1 |       |       |       |       |       |       ||     1
       Petrified         |       |       |       |       |     4 |       |       ||     4
Armor: Leather armour    |    33 |       |       |       |       |       |       ||    33
       Scale mail        |     3 |    12 |    13 |       |       |       |       ||    28
       Chain mail        |       |       |    80 |   383 |   296 |   128 |       ||   887
       Plate armour      |       |       |       |       |       |   760 |   365 ||  1125
Dodge: Dodged            |    63 |    18 |    87 |   321 |   304 |   821 |   307 ||  1921
Block: Other             |       |       |       |       |       |       |    14 ||    14

Table legend: (Time is in decaauts)
 A = Elapsed time spent in this place.
 B = Non-inter-level travel time spent in this place.
 C = Inter-level travel time spent in this place.
 D = Time resting spent in this place.
 E = Time spent auto-exploring this place.
 F = Levels seen in this place.
 G = Mean time per level.
                   A        B        C        D        E       F      G
               +--------+--------+--------+--------+--------+-----+--------+
         Total |  29531 |  27367 |   2164 |   1443 |  19474 |  34 |  868.6 |
       Dungeon |  13595 |  12646 |    949 |    458 |   9838 |  15 |  906.3 |
        Temple |     69 |     54 |     15 |      0 |     30 |   1 |   69.0 |
          Lair |   5889 |   5387 |    502 |     71 |   4280 |   6 |  981.5 |
         Swamp |   2006 |   1895 |    111 |    196 |   1174 |   4 |  501.5 |
     Snake Pit |   4412 |   4168 |    244 |    325 |   2692 |   4 | 1103.0 |
  Orcish Mines |   1891 |   1638 |    253 |    150 |    981 |   2 |  945.5 |
        Vaults |    450 |    362 |     88 |     30 |    218 |   1 |  450.0 |
        Bailey |   1215 |   1215 |      0 |    213 |    260 |   1 | 1215.0 |
               +--------+--------+--------+--------+--------+-----+--------+

Top non-repeatable levels by time:
 Snake:1: 1350 daAuts
    D:11: 1344 daAuts
 Snake:4: 1341 daAuts
    D:13: 1315 daAuts
  Lair:6: 1219 daAuts
  Bailey: 1215 daAuts
  Lair:1: 1203 daAuts
     D:1: 1109 daAuts
     D:5: 1097 daAuts
   Orc:2: 1096 daAuts
     D:3: 1035 daAuts
     D:2: 1031 daAuts
  Lair:2: 1010 daAuts
    D:10: 993 daAuts
  Lair:3: 903 daAuts
